cohdb
Replays
Latest Replays
All Replays
Popular Replays
Top Player Replays
Match Explorer
How It Works
Community
CoH3 Stats
Reddit
Sign in to upload your games and track your stats! →
Sign in with Steam
L6/40 madness
Match 10457308
Overview
Messages
Build Orders
End
Construct Barracks
Riflemen Squad
Riflemen Squad
Selects Airborne Battlegroup
Selects Heavy Machine Gun Paradrop
Riflemen Squad
Infantry Support Center
Selects Paratrooper Squad Paradrop
Paratrooper Squad Paradrop
M1918 Browing Automatic Rifles
Construct Medical Station
Selects Anti-tank Gun Team Paradrop
Construct Motor Pool
M1 Anti-tank Gun Team
M24 Chaffee Light Tank
Selects Smoke Bombing Run
Selects Supply Drop
Riflemen Squad
M24 Chaffee Light Tank
Riflemen Squad
AI Takeover
ARM4GEDDON
Jobar700
0
0
Comments
sign in to comment!
No comments posted yet!